 Dungeon Crawl Stone Soup version 0.28.0-53-g5a82cb258f (webtiles) character file.

Game seed: 3943510769802524554

72 issech the Chopper (level 4, -1/40 HPs)
             Began as a Minotaur Monk on June 19, 2022.
             Slain by a scorpion (6 damage)
             ... on level 4 of the Dungeon on June 20, 2022.
             The game lasted 00:05:05 (2046 turns).

issech the Chopper (Minotaur Monk)                  Turns: 2046, Time: 00:05:06

Health: -1/40      AC:  6    Str: 15    XL:     4   Next: 6%
Magic:  3/3        EV: 10    Int:  7    God:
Gold:   51         SH:  0    Dex: 15    Spells: 3/3 levels left

rFire   . . .      SeeInvis .   a - +0 hand axe
rCold   . . .      Faith    .   (no shield)
rNeg    . . .      Spirit   .   p - +0 scale mail
rPois   +          Reflect  .   (helmet restricted)
rElec   .          Harm     .   (no cloak)
rCorr   .          Rampage  .   (no gloves)
Will    .....                   (no boots)
Stlth   +.........              (no amulet)
HPRegen 0.13/turn               f - ring of poison resistance
MPRegen 0.08/turn               o - ring of poison resistance

@: very slow
A: horns 2, retaliatory headbutt
a: no special abilities


You were on level 4 of the Dungeon.
You visited 1 branch of the dungeon, and saw 3 of its levels.

You collected 51 gold pieces.

Inventory:

Hand Weapons
 a - a +0 hand axe (weapon)
Missiles
 e - 51 arrows
 h - 17 stones (quivered)
 q - 5 javelins
Armour
 b - a +0 robe
 g - a +0 ring mail
 k - a +1 leather armour of fire resistance
 p - a +0 scale mail (worn)
Jewellery
 f - a ring of poison resistance (left hand)
 o - a ring of poison resistance (right hand)
Scrolls
 d - a scroll of brand weapon {unknown}
 i - 2 scrolls of identify {unknown}
 j - 2 scrolls of fear {unknown}
 m - a scroll of noise {unknown}
Potions
 c - a potion of degeneration {unknown}
 l - 2 potions of curing {unknown}
 n - a potion of heal wounds {unknown}


   Skills:
 + Level 4.2 Fighting
 + Level 4.7 Axes
 + Level 1.1 Armour
 + Level 3.8 Dodging
 + Level 1.8 Stealth


You had 3 spell levels left.
You didn't know any spells.
Your spell library contained the following spells:

 Spells                   Type           Power      Damage    Failure   Level
 Ensorcelled Hibernation  Hex/Ice        0%         N/A       96%         2
 Passwall                 Tmut/Erth      0%         N/A       96%         2
 Ignite Poison            Fire/Tmut/Pois 0%         N/A       99%         3
 Mephitic Cloud           Conj/Pois/Air  0%         N/A       99%         3
 Swiftness                Air            0%         N/A       99%         3
 Freezing Cloud           Conj/Ice/Air   0%         6-21      100%        5


Dungeon Overview and Level Annotations

Branches:
Dungeon (2/15)             Temple (0/1) D:4

Altars:
Zin


Innate Abilities, Weirdness & Mutations

You have a pair of horns on your head.
You reflexively headbutt those who attack you in melee.


Message History

The scorpion closely misses you. The adder bites you but does no damage.
The adder bites you.
You closely miss the adder.
The adder is moderately wounded.
The adder bites you.
You hit the adder. Your headbutt misses the adder.
The adder is severely wounded.
The adder bites you but does no damage. The adder bites you.
You are poisoned.
The adder poisons you!
You slash the adder!
You kill the adder!
You feel sick.
You have reached level 4!
You feel agile.
You feel sick.
You feel sick.
The scorpion stings you but does no damage.
You feel sick.
You are no longer poisoned.
The scorpion stings you. The scorpion stings you.
* * * LOW HITPOINT WARNING * * *
The scorpion closely misses you. You furiously retaliate!
You headbutt the scorpion.
You see here 5 javelins.
q - 5 javelins The scorpion stings you.
* * * LOW HITPOINT WARNING * * *
The scorpion stings you.
* * * LOW HITPOINT WARNING * * *
The scorpion stings you.
* * * LOW HITPOINT WARNING * * *
Found a staircase to the Ecumenical Temple.
Found 11 stones.
The scorpion barely misses you.
You enter the shallow water.
Moving in this stuff is going to be slow.
The scorpion stings you.
You die...

###+#..........
#.......#.###
.......##.#.≈≈
######.##.#.####
#######..#...#..##.
...................
#..§≈§...#.##.###..
#.≈≈§≈≈....# ...
#≈≈§≈§≈@s..# ###
#§§≈>§§§...#
#§≈§≈§§§...#
#.≈§§≈≈..#..#
#..§§§..##..#
##########....
.#..# .(.


You could see a scorpion.

Vanquished Creatures
  3 adders
  3 worms (D:2)
  5 endoplasms
  4 giant cockroaches
  2 goblins (D:1)
  3 hobgoblins
  A quokka (D:1)
  5 ball pythons
  3 bats
  3 frilled lizards
  3 kobolds
  2 rats (D:1)
37 creatures vanquished.

Notes
Turn   | Place    | Note
-------+----------+-------------------------------------------
     0 | D:1      | issech the Minotaur Monk began the quest for the Orb.
     0 | D:1      | Reached XP level 1. HP: 19/19 MP: 0/0
   153 | D:1      | Found a faded altar of an unknown god.
   259 | D:1      | Reached XP level 2. HP: 25/27 MP: 1/1
  1091 | D:2      | Reached XP level 3. HP: 16/33 MP: 2/2
  1764 | D:2      | Found a glowing silver altar of Zin.
  1952 | D:2      | You fall into a shaft and drop 2 floors!
  1979 | D:4      | Reached skill level 1 in Armour
  1995 | D:4      | Noticed a scorpion
  2021 | D:4      | Reached XP level 4. HP: 22/40 MP: 3/3
  2041 | D:4      | Found a staircase to the Ecumenical Temple.
  2046 | D:4      | Slain by a scorpion

Illustrated notes

Levels and vault maps discovered:
D:1:      kennysheep_arrival_forest, layout_basic,
          shapermc_ecumenical_altar_mp_highgroup
D:2:      layout_basic, basic_altar, minmay_crystal_room, kennysheep_nub
D:4:      layout_basic, nemelex_diamond_rough_becter, minmay_temple_entry_mist,
          portal_sewer_entry_d, minivault_14, chequers_serial_rivers_small_3

Skill      XL: |  1  2  3 |
---------------+----------+-----
Axes           | 4 |  4.7
Fighting       | 4 |  4.2
Armour         | 1 |  1.1
Dodging        | |  3.8
Stealth        | |  1.8

Action                   |  1- 3 |  4- 6 || total
-------------------------+-------+-------++-------
Melee: Hand axe          |    92 |       ||    92
       Headbutt          |    15 |       ||    15
       Punch             |     1 |       ||     1
 Stab: Sleeping          |     4 |       ||     4
Armor: Robe              |     6 |       ||     6
       Ring mail         |     8 |       ||     8
       Leather armour    |    10 |       ||    10
       Scale mail        |     3 |     1 ||     4
Dodge: Dodged            |    52 |     2 ||    54
